 Dungeon Crawl Stone Soup version 0.31-a0-705-ga145531891 (webtiles) character file.

Game seed: 991530841102381710

199 Ekaitz the Gusty (level 5, 0/29 HPs)
             Began as a Tengu Air Elementalist on Sept 9, 2023.
             Splashed by a jelly's acid (11 damage)
             ... on level 5 of the Dungeon.
             The game lasted 00:04:15 (2606 turns).

Ekaitz the Gusty (Tengu Air Elementalist)           Turns: 2606, Time: 00:04:16

Health: 0/29       AC:  3    Str: 10    XL:     5   Next: 77%
Magic:  1/10       EV: 12    Int: 18    God:
Gold:   177        SH:  0    Dex: 14    Spells: 3/9 levels left

rFire   . . .        m - +8 falchion "Agautowk" {holy, Str+2}
rCold   . . .        (no shield)
rNeg    . . .        a - +0 robe
rPois   .            (helmet restricted)
rElec   .            (no cloak)
rCorr   .            o - +0 pair of gloves
SInv    .            (boots unavailable)
Will    .....        (no amulet)
Stlth   ++           (no ring)
HPRegen 0.24/turn    (no ring)
MPRegen 0.12/turn

%: acrobat
@: no status effects
A: beak, talons 3, acrobatic
a: no special abilities


You were on level 5 of the Dungeon.
You visited 1 branch of the dungeon, and saw 4 of its levels.

You collected 177 gold pieces.

Inventory:

Hand Weapons
 m - the +8 falchion "Agautowk" (weapon) {holy, Str+2}
   (You found it on level 2 of the Dungeon)

   Str+2:     It affects your strength (+2).
 p - a +1 dagger of speed
Missiles
 s - 7 poisoned darts
Armour
 a - a +0 robe (worn)
 g - a +0 leather armour of cold resistance
 o - a +0 pair of gloves (worn)
Talismans
 h - a maw talisman
Scrolls
 c - a scroll of fear {unknown}
 d - a scroll of blinking {unknown}
 i - a scroll of silence {unknown}
 j - a scroll of amnesia {unknown}
 k - a scroll of enchant weapon {unknown}
 n - a scroll of identify {unknown}
 q - a scroll of vulnerability {unknown}
Potions
 b - a potion of magic
 e - 2 potions of heal wounds {unknown}
 f - a potion of mutation {unknown}
 l - a potion of ambrosia {unknown}
 r - a potion of curing {unknown}
 t - 2 potions of brilliance {unknown}


   Skills:
 * Level 1.3 Fighting
 + Level 0.2 Long Blades
 * Level 2.8 Dodging
 + Level 2.0 Stealth
 + Level 2.7 Spellcasting
 + Level 3.0 Conjurations
 * Level 5.9 Air Magic
 * Level 1.1 Shapeshifting


You had 3 spell levels left.
You knew the following spells:

 Your Spells              Type           Power      Damage    Failure   Level
a - Shock                 Conj/Air       72%        1d7       2%          1
b - Static Discharge      Conj/Air       36%        2-4/arc   4%          2
c - Swiftness             Air            23%        N/A       4%          3

Your spell library contained the following spells:

 Spells                   Type           Power      Damage    Failure   Level
 Tukima's Dance           Hex            2%         N/A       45%         3
 Airstrike                Air            11%        2d(2-18)  14%         4
 Iskenderun's Mystic Bla  Conj/Tloc      7%         2d4       65%         4
 Dimensional Bullseye     Hex/Tloc       1%         N/A       86%         4


Dungeon Overview and Level Annotations

Branches:
Dungeon (3/15)

Altars:

Shops:
D:5 (


Innate Abilities, Weirdness & Mutations

You have a beak for a mouth.
You have claws for feet.
You can magically evade attacks while moving or waiting.


Message History

Unknown command.
The white imp misses you.
You slash the white imp!
The white imp convulses.
You kill the white imp!
You hear the slow rusting of a very distant drain.
An ufetubus comes into view.
The ufetubus shouts!
An adder comes into view.
A jelly comes into view.
You barely miss the ufetubus.
The adder hisses angrily.
Your kick misses the ufetubus. The ufetubus closely misses you. x2
The ufetubus misses you. The ufetubus closely misses you.
The ufetubus closely misses you. The ufetubus misses you.
You hit the ufetubus.
The ufetubus convulses.
You kill the ufetubus!
A scorpion comes into view.
The adder bites you but does no damage.
Your Conjurations skill increases to level 3!
The adder attacks as it pursues you! The adder bites you.
The jelly attacks as it pursues you! The jelly misses you.
Casting: Static Discharge (safe; 4% risk of failure)
Confirm with . or Enter, or press ? or * to list all spells.
The adder is struck by an arc of lightning.
The adder is moderately wounded.
The jelly is struck by an arc of lightning.
The jelly is moderately wounded.
The adder is struck by an arc of lightning.
The adder is heavily wounded.
The jelly is struck by an arc of lightning.
The jelly is heavily wounded.
The lightning grounds out.
The jelly is struck by an arc of lightning.
The jelly is severely wounded.
You are struck by an arc of lightning.
The adder is struck by an arc of lightning.
The adder is severely wounded.
You are struck by an arc of lightning.
The lightning grounds out.
The adder closely misses you. The jelly hits you.
You are splashed with acid!
You die...

#.......# #.......#
#....#######.......#
#....# #..........#
#....####..........#
#...........(.......
#...................
#...................
#..........J........
#.........@S....s...
############........
#...........#..
#...........#..
#...........#
#...........#
#........####
.........#
#........#


You could see a scorpion, a jelly and an adder.

Vanquished Creatures
  A scorpion (D:5)
  A hound (D:5)
  4 adders
  A white imp (D:5)
  An ufetubus (D:5)
  A worm (D:2)
  2 dart slugs (D:1)
  2 bats
  6 endoplasms
  6 goblins
  4 hobgoblins
  3 quokkas
  7 ball pythons
  2 frilled lizards
  8 kobolds
  5 rats
54 creatures vanquished.

Notes
Turn   | Place    | Note
-------+----------+-------------------------------------------
     0 | D:1      | Ekaitz the Tengu Air Elementalist began the quest for the
                  | Orb.
     0 | D:1      | Reached XP level 1. HP: 10/10 MP: 4/4
   264 | D:1      | Reached XP level 2. HP: 15/15 MP: 3/6
   275 | D:1      | Learned a level 2 spell: Static Discharge
   350 | D:1      | Found a faded altar of an unknown god.
   738 | D:1      | Reached skill level 5 in Air Magic
   738 | D:1      | Reached XP level 3. HP: 19/19 MP: 3/7
   742 | D:1      | Learned a level 3 spell: Swiftness
  1397 | D:2      | Identified the +8 falchion "Agautowk" {holy, Str+2}
  1777 | D:2      | Reached XP level 4. HP: 24/24 MP: 2/8
  2544 | D:3      | You fall into a shaft and drop 2 floors!
  2544 | D:5      | Entered Level 5 of the Dungeon
  2544 | D:5      | Found Doyppoec's Weapon Emporium.
  2564 | D:5      | Noticed a scorpion
  2583 | D:5      | Reached XP level 5. HP: 13/28 MP: 0/9
  2584 | D:5      | Reached skill level 1 in Fighting
  2584 | D:5      | Reached skill level 1 in Shapeshifting
  2606 | D:5      | Splashed by a jelly's acid

Illustrated notes

Levels and vault maps discovered:
D:1:      tekkud_arrival_beachfront_property, layout_basic,
          basic_ecumenical_altar
D:2:      layout_basic, st_stairs_11
D:3:      layout_basic, minmay_misc_feat_encased
D:5:      lemuel_ice_spiral_2, layout_basic, mainiacjoe_overflow_cross_hatched,
          serial_shops, shop, portal_sewer_entry_f, st_stairs_14,
          kennysheep_generic_room_14

Skill      XL: |  1  2  3  4  5 |
---------------+----------------+-----
Conjurations   | 2 3 |  3.0
Air Magic      | 5 |  5.9
Fighting       | 1 |  1.3
Shapeshifting  | 1 |  1.1
Long Blades    | |  0.2
Dodging        | |  2.8
Stealth        | |  2.0
Spellcasting   | |  2.7

Action                     |  1- 3 |  4- 6 || total
---------------------------+-------+-------++-------
  Melee: Falchion          |     5 |     6 ||    11
         Kick              |     3 |       ||     3
   Cast: Shock             |    73 |    32 ||   105
         Static Discharge  |       |     5 ||     5
   Stab: Sleeping          |     1 |     1 ||     2
 Armour: Robe              |     3 |     9 ||    12
  Dodge: Dodged            |    13 |    25 ||    38
         Form:             |     1 |       ||     1
         Maw               |     1 |       ||     1

Table legend: (Time is in decaauts)
 A = Elapsed time spent in this place.
 B = Non-inter-level travel time spent in this place.
 C = Inter-level travel time spent in this place.
 D = Time resting spent in this place.
 E = Time spent auto-exploring this place.
 F = Levels seen in this place.
 G = Mean time per level.
                   A        B        C        D        E       F      G
               +--------+--------+--------+--------+--------+-----+--------+
         Total |   2607 |   2547 |     60 |      0 |   2181 |   4 |  651.8 |
       Dungeon |   2607 |   2547 |     60 |      0 |   2181 |   4 |  651.8 |
               +--------+--------+--------+--------+--------+-----+--------+

Top non-repeatable levels by time:
     D:1: 1329 daAuts
     D:2: 898 daAuts
     D:3: 316 daAuts
     D:5: 62 daAuts
